 Dungeon Sprint DCSS version 0.31.0-9-g3a7656b989 (webtiles) character file.

Game seed: 208125222328729195

16402 Heoruswealwe the Phalangite (level 12, -1/116 HPs)
             Began as a Minotaur Fighter on Feb 1, 2024.
             Was an Initiate of Gozag.
             Killed by divine providence
             ... invoked by a smoke demon
             ... summoned by an orc high priest
              (12 damage)
             ... in the Dungeon (Sprint IX: "|||||||||||||||||||||||||||||").
             The game lasted 00:11:06 (2166 turns).

Heoruswealwe the Phalangite (Minotaur Fighter)      Turns: 2166, Time: 00:11:08

Health: -1/116     AC: 22    Str: 25    XL:     12   Next: 9%
Magic:  11/11      EV:  8    Int:  5    God:    Gozag
Gold:   8443       SH:  0    Dex: 11    Spells: 11/11 levels left

rFire   . . .        b - +2 halberd (freeze)
rCold   . . .        (shield currently unavailable)
rNeg    . . .        c - +0 plate armour
rPois   .            (helmet restricted)
rElec   .            (no cloak)
rCorr   .            f - +0 pair of gloves
SInv    .            (no boots)
Will    .....        (no amulet) Stlth
                     k - +2 ring of protection
HPRegen 0.39/turn    (no ring)
MPRegen 0.12/turn

%: no teleportation
@: no status effects
A: horns 2, retaliatory headbutt, frail 1
a: Renounce Religion, Potion Petition, Call Merchant, Bribe Branch


You were in the Dungeon.
You worshipped Gozag.
Gozag was greatly pleased with you.
You visited 1 branch You collected 8443 gold pieces.

Inventory:

Hand Weapons
 a - a +0 trident
 b - a +2 halberd of freezing (weapon)
Armour
 c - a +0 plate armour (worn)
 d - a +0 buckler
 f - a +0 pair of gloves (worn)
Jewellery
 k - a +2 ring of protection (left hand)
Wands
 h - a wand of iceblast (10)
 p - a wand of flame (15)
Scrolls
 n - a scroll of identify
 o - 3 scrolls of enchant armour
Potions
 g - a potion of haste
 i - 2 potions of berserk rage
 m - 2 potions of might


   Skills:
 + Level 18.8 Fighting
 * Level 25.1 Polearms
 + Level 18.8 Armour
 - Level 3.6 Shields


You had 11 spell levels left.
You didn't know any spells.
Your spell library contained the following spells:

 Spells                   Type           Power      Damage    Failure   Level
 Kiss of Death            Conj/Necr      0%         2d5       97%         1
 Confusing Touch          Hex            0%         N/A       100%        3
 Dispel Undead            Necr           0%         3d6       100%        4


Dungeon Overview and Level Annotations

Branches:
Dungeon (1/1)

Altars:
Cheibriados
Dithmenos
Elyvilon
Fedhas
Gozag
Hepliaklqana
Kikubaaqudgha
Makhleb
Nemelex Xobeh
Okawaru
Qazlal
Ru
Sif Muna
Trog
Uskayaw
Vehumet
Wu Jian
Xom
Yredelemnul
Zin
The Shining One
Jiyva
Lugonu

Shops:
D =(((


Innate Abilities, Weirdness & Mutations

You have a pair of horns on your head.
You reflexively headbutt those who attack you in melee.
You are frail. (-10% HP)


Message History

The orc high priest mumbles some strange prayers to Beogh.
The sixfirhy hits you but does no damage.
There is an entrance to Plog's Antique Weapon Boutique here.
The sixfirhy hits you but does no damage.
The sixfirhy closely misses you.
The sixfirhy hits you but does no damage. x2
The sixfirhy attacks as it pursues you! The sixfirhy barely misses you.
You furiously retaliate!
You headbutt the sixfirhy! The sixfirhy hits you! The sixfirhy shocks you!
The orc high priest calls down the wrath of Beogh upon you.
Beogh smites you!
There is a broken door to Orc:2, spattered with blood here.
Items here: ))))) [.
The sixfirhy hits you but does no damage. x2
The sixfirhy hits you! The sixfirhy shocks you!
You puncture the sixfirhy! You freeze the sixfirhy.
The sixfirhy is heavily wounded.
The sixfirhy hits you but does no damage.
The sixfirhy hits you. The sixfirhy shocks you!
You impale the sixfirhy!! You freeze the sixfirhy!
You kill the sixfirhy!
The sixfirhy disappears in a puff of smoke!
The orc high priest invokes the aid of Beogh against you.
Beogh smites you!
Items here: ))))) [.
The orc high priest mumbles some strange prayers to Beogh against you.
You resist with significant effort.
The orc high priest shouts, "You are a heretic and must be destroyed!"
The orc high priest prays.
The orc high priest mumbles some strange prayers to Beogh.
The orc high priest invokes the aid of Beogh against you.
Beogh smites you!
* * * LOW HITPOINT WARNING * * *
The orc high priest mumbles some strange prayers to Beogh against you.
Beogh smites you!
* * * LOW HITPOINT WARNING * * *
The smoke demon gestures at you. Beogh smites you!
You die...
Your body crumbles into a pile of gold.

...)...[=[)?!'___________________
▓▓▓▓▓▓▓▓▓▓▓▓▓▓▓▓▓▓▓▓▓▓▓▓▓▓▓▓▓▓▓▓▓
.................................
▓▓▓▓▓▓▓▓▓▓▓▓▓▓▓▓▓▓▓▓▓▓▓▓▓▓▓▓▓▓▓▓▓
'..?!........'.........'.........
▓▓▓▓▓▓▓▓▓▓▓▓▓▓▓▓▓▓▓▓▓▓▓▓▓▓▓▓▓▓▓▓▓
)................................
▓▓▓▓▓▓▓▓▓▓▓▓▓▓▓▓▓▓▓▓▓▓▓▓▓▓▓▓▓▓▓▓▓
$.o.∩.∩.∩3o...oo@.........['.....
▓▓▓▓▓▓▓▓▓▓▓▓▓▓▓▓▓▓▓▓▓▓▓▓▓▓▓▓▓▓▓▓▓


You could see 3 orc high priests and a smoke demon (summoned).

Vanquished Creatures
  Josephine (D)
  A hydra (D)
  A centaur warrior (D)
  A two-headed ogre (D)
  8 orc high priests (D)
  3 orc knights (D)
  A lindwurm (D)
  A manticore (D)
  2 cyclopes (D)
  Joseph (D)
  A torpor snail (D)
  2 komodo dragons (D)
  A rime drake (D)
  2 trolls (D)
  4 tyrant leeches (D)
  A polar bear (D)
  A blink frog (D)
  2 yaks (D)
  5 wraiths (D)
  4 wyverns (D)
  A basilisk (D)
  A vampire mosquito (D)
  An acid dragon (D)
  3 water moccasins (D)
  9 orc warriors (D)
  A wolf (D)
  A phantom (D)
  2 bullfrogs (D)
  3 orc priests (D)
  A hound (D)
  4 orc wizards (D)
  3 ribbon worms (D)
  11 orcs (D)
  2 bats (D)
  A ball python (D)
  2 rats (D)
89 creatures vanquished.

Notes
Turn   | Place    | Note
-------+----------+-------------------------------------------
     0 | D        | Heoruswealwe the Minotaur Fighter began the quest for the
                  | Orb.
     0 | D        | Reached XP level 1. HP: 19/19 MP: 0/0
     9 | D        | Reached skill level 3 in Polearms
    20 | D        | Noticed an orc wizard
    20 | D        | Noticed a phantom
    20 | D        | Noticed a water moccasin
    20 | D        | Noticed a hound
    22 | D        | Killed a hound
    23 | D        | Reached skill level 5 in Fighting
    23 | D        | Reached skill level 5 in Polearms
    23 | D        | Reached skill level 5 in Armour
    23 | D        | Reached XP level 2. HP: 29/29 MP: 1/1
    23 | D        | Reached XP level 3. HP: 36/36 MP: 2/2
    30 | D        | Killed a water moccasin
    31 | D        | Reached skill level 8 in Polearms
    31 | D        | Reached XP level 4. HP: 45/45 MP: 3/3
    36 | D        | Killed a phantom
    37 | D        | Reached skill level 10 in Polearms
    37 | D        | Reached XP level 5. HP: 52/53 MP: 4/4
    50 | D        | Found a snail-covered altar of Cheibriados.
    50 | D        | Found a shadowy altar of Dithmenos.
    50 | D        | Found a white marble altar of Elyvilon.
    50 | D        | Found a blossoming altar of Fedhas.
    50 | D        | Found an opulent altar of Gozag.
    51 | D        | Found a hazy altar of Hepliaklqana.
    52 | D        | Found a viscous altar of Jiyva.
    53 | D        | Found an ancient bone altar of Kikubaaqudgha.
    54 | D        | Found a corrupted altar of Lugonu.
    55 | D        | Found a burning altar of Makhleb.
    56 | D        | Found a sparkling altar of Nemelex Xobeh.
    57 | D        | Found an iron altar of Okawaru.
    58 | D        | Became a worshipper of Gozag Ym Sagoz the Greedy
    59 | D        | Found a stormy altar of Qazlal.
    60 | D        | Found a sacrificial altar of Ru.
    61 | D        | Found a shimmering blue altar of Sif Muna.
    62 | D        | Found a bloodstained altar of Trog.
    63 | D        | Found a hide-covered altar of Uskayaw.
    64 | D        | Found a radiant altar of Vehumet.
    65 | D        | Found an ornate altar of the Wu Jian Council.
    66 | D        | Found a shimmering altar of Xom.
    67 | D        | Found a basalt altar of Yredelemnul.
    68 | D        | Found a glowing silver altar of Zin.
    69 | D        | Found a glowing golden altar of the Shining One.
   128 | D        | Noticed a vampire mosquito
   128 | D        | Noticed an orc warrior
   128 | D        | Noticed a troll
   128 | D        | Noticed a two-headed ogre
   128 | D        | Noticed a yak
   128 | D        | Noticed an orc warrior
   131 | D        | Killed an orc warrior
   132 | D        | Reached skill level 11 in Polearms
   132 | D        | Reached XP level 6. HP: 62/62 MP: 5/5
   137 | D        | Killed a yak
   138 | D        | Reached skill level 12 in Polearms
   144 | D        | Killed a two-headed ogre
   145 | D        | Reached skill level 14 in Polearms
   145 | D        | Reached XP level 7. HP: 46/74 MP: 6/6
   145 | D        | Reached XP level 8. HP: 51/82 MP: 7/7
   149 | D        | Killed a troll
   150 | D        | Reached skill level 15 in Polearms
   168 | D        | Reached skill level 16 in Polearms
   346 | D        | Noticed a manticore
   346 | D        | Noticed a centaur warrior
   346 | D        | Noticed a cyclops
   346 | D        | Noticed a cyclops
   346 | D        | Noticed a troll
   349 | D        | Killed a troll
   355 | D        | Killed a cyclops
   356 | D        | Reached skill level 17 in Polearms
   356 | D        | Reached XP level 9. HP: 76/92 MP: 8/8
   359 | D        | Killed a cyclops
   365 | D        | Killed a centaur warrior
   366 | D        | Reached skill level 18 in Polearms
   372 | D        | Killed a manticore
   373 | D        | Reached skill level 19 in Polearms
   582 | D        | Noticed a komodo dragon
   582 | D        | Noticed a rime drake
   589 | D        | Killed a rime drake
   597 | D        | Reached XP level 10. HP: 95/104 MP: 9/9
   620 | D        | Reached skill level 20 in Polearms
   643 | D        | Noticed a four-headed hydra
   646 | D        | Reached skill level 15 in Fighting
   646 | D        | Reached skill level 15 in Armour
   648 | D        | Noticed a torpor snail
   650 | D        | Killed an eight-headed hydra
   677 | D        | Killed a torpor snail
   678 | D        | Reached skill level 21 in Polearms
   954 | D        | Noticed a lindwurm
   975 | D        | Killed a lindwurm
   976 | D        | Reached XP level 11. HP: 106/114 MP: 10/10
   987 | D        | Reached skill level 22 in Polearms
  1057 | D        | Noticed Josephine
  1064 | D        | Killed Josephine
  1138 | D        | Noticed Joseph
  1152 | D        | Killed Joseph
  1221 | D        | Noticed an orc knight
  1225 | D        | Killed an orc knight
  1226 | D        | Reached skill level 23 in Polearms
  1345 | D        | Noticed an orc knight
  1345 | D        | Noticed an orc high priest
  1360 | D        | Noticed a soul eater
  1363 | D        | Killed an orc high priest
  1373 | D        | Killed an orc knight
  1375 | D        | Noticed an orc knight
  1389 | D        | Noticed an orc high priest
  1392 | D        | HP: 1/117 [orc warrior/+0 halberd (16)]
  1397 | D        | Killed an orc knight
  1404 | D        | Noticed a sun demon
  1410 | D        | Noticed a sun demon
  1428 | D        | Killed an orc high priest
  1429 | D        | Reached skill level 24 in Polearms
  1721 | D        | Found Plog's Antique Weapon Boutique.
  1721 | D        | Noticed an orc high priest
  1721 | D        | Noticed an orc high priest
  1721 | D        | Noticed an orc high priest
  1721 | D        | Noticed an orc high priest
  1725 | D        | Killed an orc high priest
  1733 | D        | Gained mutation: You are frail. (-10% HP) [a neqoxec]
  1747 | D        | Killed an orc high priest
  1748 | D        | Killed an orc high priest
  1754 | D        | Noticed a soul eater
  1761 | D        | Noticed an orc high priest
  1764 | D        | Noticed a sixfirhy
  1770 | D        | HP: 5/105 [orc priest/divine providence (13)]
  1771 | D        | Noticed an orc high priest
  1773 | D        | Killed an orc high priest
  1835 | D        | Killed an orc high priest
  1836 | D        | Reached skill level 25 in Polearms
  1836 | D        | Reached XP level 12. HP: 19/115 MP: 11/11
  1841 | D        | Killed an orc high priest
  2136 | D        | Found Gyemoso's Weapon Shop.
  2140 | D        | Found Jiehymmo's Weapon Boutique.
  2144 | D        | Found Cirph's Jewellery Shop.
  2147 | D        | Noticed an orc high priest
  2148 | D        | Noticed an orc high priest
  2148 | D        | Noticed an orc high priest
  2166 | D        | Killed from afar by a smoke demon

Illustrated notes

Levels and vault maps discovered:
D:        linesprint [early_d, line_temple, items_1, d_10, items_2, lair_1,
          lair_end, items_3, orc_1, orc_end, items_4, d_15, swamp_1, shoals_1,
          snake_1, spider_1, d_20, vaults_1, items_5, swamp_end, shoals_end,
          snake_end, spider_end, vaults_end, d_27, items_6, zot_1, zot_end,
          crypt_end, forest_end, elf_end, slime_end, tomb_end, abyss_end,
          pan_hell_end]

Skill      XL: |  1  2  3  4  5  6  7  8  9 10 11 |
---------------+----------------------------------+-----
Polearms       | 5 8 10 11 14 17 19 21 25 | 25.1
Fighting       | 5 6 7 8 11 12 14 16 18 | 18.8
Armour         | 5 6 7 8 11 12 14 16 18 | 18.8
Shields        | |  3.6

Action                     |  1- 3 |  4- 6 |  7- 9 | 10-12 || total
---------------------------+-------+-------+-------+-------++-------
  Melee: Trident           |    19 |    12 |       |       ||    31
         Headbutt          |     4 |     5 |    12 |    39 ||    60
         Halberd           |       |    16 |    47 |   239 ||   302
    Use: Potion            |     1 |       |     1 |    11 ||    13
         Scroll            |       |       |       |     3 ||     3
   Stab: Distracted        |       |       |       |     3 ||     3
 Armour: Scale mail        |    13 |     5 |       |       ||    18
         Plate armour      |       |    10 |    47 |   180 ||   237
  Dodge: Dodged            |    12 |     8 |    11 |    67 ||    98
  Block: Buckler           |     2 |       |       |       ||     2
